 Dungeon Crawl Stone Soup version 0.30-a0-1018-g25214051b3 (webtiles) character file.

Game seed: 18373467827876911142

1 gelatine the Magician (level 1, -1/13 HPs)
             Began as a Demonspawn Hedge Wizard on Apr 8, 2023.
             Slain by a jackal (2 damage)
             ... on level 1 of the Dungeon.
             The game lasted 00:00:35 (153 turns).

gelatine the Magician (Demonspawn Hedge Wizard)      Turns: 153, Time: 00:00:36

Health: -1/13      AC:  2    Str: 10    XL:     1   Next: 16%
Magic:  1/4        EV: 12    Int: 15    God:
Gold:   24         SH:  0    Dex: 12    Spells: 5/6 levels left

rFire   . . .      SeeInvis .    a - +0 dagger
rCold   . . .      Faith    .    (no shield)
rNeg    . . .      Spirit   .    b - +0 robe
rPois   .          Reflect  .    c - +0 hat
rElec   .          Rampage  .    (no cloak)
rCorr   .                        (no gloves)
Will    .....                    (no boots)
Stlth   ++                       (no amulet)
HPRegen 0.22/turn                (no ring)
MPRegen 0.09/turn                (no ring)

@: very slightly contaminated
A: no striking features
a: no special abilities


You were on level 1 of the Dungeon.
You visited 1 branch of the dungeon, and saw 1 of its levels.

You collected 24 gold pieces.

Inventory:

Hand Weapons
 a - a +0 dagger (weapon)
Armour
 b - a +0 robe (worn)
 c - a +0 hat (worn)
Potions
 d - a potion of magic
 e - a potion of haste {unknown}
 f - a potion of might {unknown}


   Skills:
 + Level 1.7 Dodging
 + Level 1.7 Stealth
 + Level 3.0 Spellcasting
 + Level 1.0 Conjurations
 + Level 1.0 Summonings
 + Level 0.8 Translocations


You had 5 spell levels left.
You knew the following spells:

 Your Spells              Type           Power      Damage    Failure   Level
a - Magic Dart            Conj           20%        1d4       13%         1

Your spell library contained the following spells:

 Spells                   Type           Power      Damage    Failure   Level
 Slow                     Hex            8%         N/A       21%         1
 Call Imp                 Summ           10%        N/A       21%         2
 Blink                    Tloc           8%         N/A       22%         2
 Cigotuvi's Dreadful Rot  Necr/Pois/Air  4%         N/A       30%         2
 Mephitic Cloud           Conj/Pois/Air  3%         N/A       45%         3


Dungeon Overview and Level Annotations

Branches:
Dungeon (1/15)

Altars:


Message History

The jackal is almost dead.
The jackal bites you.
* * * LOW HITPOINT WARNING * * *
The jackal bites you but does no damage.
You are too injured to fight recklessly!
Casting: Magic Dart (safe; 13% risk of failure)
Confirm with . or Enter, or press ? or * to list all spells.
Aiming: Magic Dart (safe; 13% risk of failure)
Press: ? - help, Shift-Dir - straight line, f - jackal
Aim: a jackal (almost dead, 100% to hit)
You miscast Magic Dart.
You are very lightly contaminated with residual magic.
Nothing appears to happen.
The jackal misses you.
Unknown command.
You barely miss the jackal.
The jackal is almost dead.
The jackal bites you but does no damage.
You miss the jackal.
The jackal is almost dead.
The jackal barely misses you. The jackal bites you.
* * * LOW HITPOINT WARNING * * *
You hit the jackal but do no damage.
The jackal is almost dead.
The jackal bites you.
* * * LOW HITPOINT WARNING * * *
You hit the jackal but do no damage.
The jackal is severely wounded.
The jackal closely misses you.
The jackal bites you but does no damage.
You miss the jackal.
The jackal is heavily wounded.
The jackal barely misses you.
You closely miss the jackal.
The jackal is heavily wounded.
The jackal bites you.
* * * LOW HITPOINT WARNING * * *
You closely miss the jackal.
The jackal is heavily wounded.
The jackal barely misses you. The jackal bites you.
You die...

# #..........#............#
.########..........#............#
...................#............#
..##################........#####
#..## ###..h.....# #...#
###.'....h. #.#.#### #h..#.....h
#.#....## #h### ##### #+####..##
#@# .........# #####.#
.........###.....#
..[..........##### .........>####
.........## .######### .


You could see 2 jackals.

Vanquished Creatures
  A jackal (D:1)
1 creature vanquished.

Notes
Turn   | Place    | Note
-------+----------+-------------------------------------------
     0 | D:1      | gelatine the Demonspawn Hedge Wizard began the quest for
                  | the Orb.
     0 | D:1      | Reached XP level 1. HP: 13/13 MP: 4/4
   153 | D:1      | Slain by a jackal

Illustrated notes

Levels and vault maps discovered:
D:1:      ncdulo_smallfort, layout_basic, ebering_ecumenical_altar_mist,
          minmay_misc_feat_hallway, minmay_indecisive_spiral

Action                     || total
---------------------------++-------
  Melee: Dagger            ||    21
   Cast: Magic Dart        ||     4
 Armour: Robe              ||     4
  Dodge: Dodged            ||    18

Table legend: (Time is in decaauts)
 A = Elapsed time spent in this place.
 B = Non-inter-level travel time spent in this place.
 C = Inter-level travel time spent in this place.
 D = Time resting spent in this place.
 E = Time spent auto-exploring this place.
 F = Levels seen in this place.
 G = Mean time per level.
                   A        B        C        D        E       F      G
               +--------+--------+--------+--------+--------+-----+--------+
         Total |    153 |    153 |      0 |      0 |    117 |   1 |  153.0 |
       Dungeon |    153 |    153 |      0 |      0 |    117 |   1 |  153.0 |
               +--------+--------+--------+--------+--------+-----+--------+

Top non-repeatable levels by time:
     D:1: 153 daAuts
